 Dungeon Crawl Stone Soup version 0.32-a0-909-gc671339a80 (webtiles) character file.

Game seed: 16145380449496426606

1579 Heh the Toxicologist (level 8, -10/62 HPs)
             Began as a Coglin Alchemist on Apr 7, 2024.
             Killed by nerve-wracking pain
             ... invoked by Menkaure
              (13 damage)
             ... on level 7 of the Dungeon.
             The game lasted 00:13:50 (7197 turns).

Heh the Toxicologist (Coglin Alchemist)             Turns: 7197, Time: 00:13:52

Health: -10/62     AC:  9    Str:  9    XL:     8   Next: 91%
Magic:  11/11      EV: 10    Int: 14    God:
Gold:   388        SH:  0    Dex: 17    Spells: 3/11 levels left

rFire   . . .        l - +2 dagger (venom) {Aiguo}
rCold   . . .        s - +2 dagger (speed) {Daeho}
rNeg    . . .        c - +2 leather armour {rPois}
rPois   +            x - +2 helmet
rElec   .            (no cloak)
rCorr   .            (no gloves)
SInv    .            y - +0 pair of boots
Will    .....        (amulet unavailable)
Stlth   ++           (ring unavailable)
HPRegen 0.30/turn    (ring unavailable)
MPRegen 0.12/turn    (no gizmo)

%: no passive effects
@: no status effects
A: off-hand wielding, slow wielding, warmup strikes, no jewellery
a: Invent Gizmo


You were on level 7 of the Dungeon.
You visited 2 branches of the dungeon, and saw 8 of its levels.

You collected 388 gold pieces.

Inventory:

Hand Weapons
 d - a +0 whip {Eunkyung}
 e - a +0 whip {Svenja}
 g - a +0 dagger of holy wrath
 h - a +0 dagger of speed {Ku-aya}
 l - a +2 dagger of venom (weapon) {Aiguo}
 r - a +0 hand axe {Thatsani}
 s - a +2 dagger of speed (offhand) {Daeho}
 u - a +0 long sword
 D - a +0 morningstar
 H - a +0 hand axe of venom
Missiles
 p - a throwing net
 q - 8 boomerangs
Armour
 a - a +0 robe
 c - a +2 leather armour of poison resistance (worn)
 x - a +2 helmet (worn)
 y - a +0 pair of boots (worn)
Talismans
 f - a talisman of death
Wands
 C - a wand of flame (11)
 E - a wand of warping (10)
Scrolls
 j - 2 scrolls of teleportation {unknown}
 k - 3 scrolls of enchant armour
 m - a scroll of amnesia
 n - 2 scrolls of poison
 o - a scroll of revelation
 t - a scroll of fog
 A - a scroll of noise
Potions
 b - 2 potions of magic
 i - a potion of attraction
 w - 2 potions of degeneration {unknown}
 z - a potion of resistance {unknown}
 B - a potion of heal wounds {unknown}
 G - a potion of brilliance {unknown}


   Skills:
 + Level 5.3 Fighting
 - Level 4.0 Short Blades
 - Level 1.7 Dodging
 - Level 1.5 Stealth
 - Level 2.0 Spellcasting
 + Level 2.9 Conjurations
 + Level 2.6 Air Magic
 - Level 8.0 Alchemy


You had 3 spell levels left.
You knew the following spells:

 Your Spells              Type           Power      Damage    Failure   Level
a - Sting                 Conj/Alch      64%        1d7       3%          1
b - Mephitic Cloud        Conj/Alch/Air  14%        N/A       16%         3
c - Olgreb's Toxic Radia  Alch           23%        N/A       12%         4

Your spell library contained the following spells:

 Spells                   Type           Power      Damage    Failure   Level
 Mercury Vapours          Alch/Air       32%        N/A       6%          2
 Cigotuvi's Dreadful Rot  Necr/Alch/Air  22%        N/A       12%         2
 Kiss of Death            Conj/Necr      20%        2d7       19%         1
 Momentum Strike          Conj/Tloc      10%        3d8       28%         2
 Blink                    Tloc           2%         N/A       45%         2
 Lesser Beckoning         Tloc           2%         N/A       45%         2
 Confusing Touch          Hex            1%         N/A       69%         3
 Maxwell's Portable Pile  Tloc           1%         2d(5-13)  69%         3
 Teleport Other           Tloc           1%         N/A       69%         3
 Ignite Poison            Fire/Alch      12%        N/A       54%         4
 Sticky Flame             Fire/Alch      12%        2d5       54%         4
 Dispel Undead            Necr           1%         3d6       97%         4
 Freezing Cloud           Conj/Ice/Air   3%         6-21      99%         5


Dungeon Overview and Level Annotations

Branches:
Dungeon (7/15)             Temple (1/1) D:4

Altars:
Ashenzari
Cheibriados
Gozag
Hepliaklqana
Kikubaaqudgha
Makhleb
Nemelex Xobeh
Okawaru
Qazlal
Ru
Sif Muna
Trog
Uskayaw
Xom
Yredelemnul
Zin
The Shining One

Shops:
D:4 *

Annotations:
D:7 Menkaure


Innate Abilities, Weirdness & Mutations

You can wield a second weapon in your off-hand.
It takes a long time for you to wield or remove held weapons.
Your first few attacks do less damage.
You cannot equip rings or amulets.


Message History

You swing at nothing.
Menkaure hits you!
* * * LOW HITPOINT WARNING * * *
You swing at nothing.
Menkaure barely misses you.
You swing at nothing.
Menkaure hits you.
* * * LOW HITPOINT WARNING * * *
You swing at nothing.
You swing at nothing.
Menkaure calls on the powers of darkness!
Your body is wracked with pain!
* * * LOW HITPOINT WARNING * * *
You swing at nothing.
Menkaure calls on the powers of darkness!
Your body is wracked with pain!
* * * LOW HITPOINT WARNING * * *
You swing at nothing.
Menkaure barely misses you.
You swing at nothing.
You swing at nothing.
Menkaure closely misses you.
Okay, then.
Okay, then.
Okay, then.
You are confused.
You feel invigorated. Menkaure hits you.
* * * LOW HITPOINT WARNING * * *
Menkaure attacks as he pursues you! Menkaure misses you.
You bump into the rock wall.
Menkaure misses you. x2
You closely miss Menkaure with your +2 dagger of speed.
You hit Menkaure with your +2 dagger of venom.
Menkaure completely misses you.
You bump into the rock wall.
Menkaure hits you! Menkaure hits you.
Menkaure calls on the powers of darkness!
Your body is wracked with pain!
* * * LOW HITPOINT WARNING * * *
You feel less invigorated.
You feel less confused. Menkaure hits you!
* * * LOW HITPOINT WARNING * * *
Menkaure points at you and mumbles some strange words.
Pain shoots through your body!
You die...

........# ........#
........#
#............##
.##.............#
..#.......^.....#
...............#
#.............# #
#...........@.# ##
#..........M.#
.#####...#.)......#
....##....######.##
.....#.....## ###
............##
#............##
..............##
...)...........###


You could see Menkaure (fast).

Vanquished Creatures
  Sigmund (D:6)
  A water moccasin (D:5)
  An ogre (D:5)
  A sky beast (D:7)
  A centaur (D:7)
  A kobold brigand (D:7)
  4 bullfrogs
  A hound (D:6)
  2 jellies
  3 orc priests
  2 sleepcaps (D:5)
  6 iguanas
  6 orc wizards
  3 gnolls (D:4)
  7 adders
  3 dart slugs
  2 ribbon worms
  28 orcs
  4 ball pythons
  3 endoplasms
  4 giant cockroaches
  2 goblins
  3 hobgoblins
  4 quokkas
  5 bats
  A frilled lizard (D:3)
  4 kobolds
  2 rats
105 creatures vanquished.

Notes
Turn   | Place    | Note
-------+----------+-------------------------------------------
     0 | D:1      | Heh the Coglin Alchemist began the quest for the Orb.
     0 | D:1      | Reached XP level 1. HP: 13/13 MP: 3/3
   276 | D:1      | Reached XP level 2. HP: 19/19 MP: 5/5
  1117 | D:2      | Reached skill level 4 in Alchemy
  1476 | D:3      | Reached XP level 3. HP: 18/24 MP: 6/6
  1527 | D:3      | Found a faded altar of an unknown god.
  1563 | D:3      | Reached skill level 5 in Alchemy
  1563 | D:3      | Reached XP level 4. HP: 11/30 MP: 7/7
  1810 | D:3      | Learned a level 3 spell: Mephitic Cloud
  2223 | D:3      | Reached skill level 1 in Short Blades
  2228 | D:3      | Reached skill level 1 in Fighting
  2228 | D:3      | Reached XP level 5. HP: 25/37 MP: 8/8
  2251 | D:3      | Learned a level 4 spell: Olgreb's Toxic Radiance
  2636 | D:4      | Found an opulent altar of Gozag.
  2645 | D:4      | Found a broken altar of Ashenzari.
  2717 | D:4      | Found a snail-covered altar of Cheibriados.
  2965 | D:4      | Reached XP level 6. HP: 30/44 MP: 9/9
  3113 | D:4      | Reached skill level 6 in Alchemy
  3342 | D:4      | Found Buad's General Store.
  3448 | D:5      | Entered Level 5 of the Dungeon
  3833 | D:5      | Noticed a water moccasin
  3849 | D:5      | Killed a water moccasin
  3850 | D:5      | Reached XP level 7. HP: 37/50 MP: 10/10
  3976 | D:5      | Reached skill level 7 in Alchemy
  4703 | D:4      | Found a staircase to the Ecumenical Temple.
  4756 | Temple   | Entered the Ecumenical Temple
  5542 | D:6      | Reached XP level 8. HP: 56/58 MP: 11/11
  5694 | D:6      | Found a shimmering altar of Xom.
  6042 | D:6      | Noticed Sigmund
  6060 | D:6      | Killed Sigmund
  6061 | D:6      | Reached skill level 8 in Alchemy
  6179 | D:6      | Reached skill level 1 in Conjurations
  6436 | D:7      | Reached skill level 1 in Air Magic
  6738 | D:7      | Reached skill level 5 in Fighting
  7160 | D:7      | Noticed Menkaure
  7197 | D:7      | HP: 3/62 [Menkaure (16)]
  7197 | D:7      | Killed from afar by Menkaure

Illustrated notes

Levels and vault maps discovered:
D:1:      ncdulo_halloftheorcs, layout_rooms, minmay_cut_off
D:2:      layout_basic
D:3:      layout_loops_ring, hellmonk_ecumenical_altar_zigzags, glass_columns_a
D:4:      layout_basic, kennysheep_slug_shrine,
          mainiacjoe_overflow_catch_the_wave, minmay_temple_entry_proselytizer,
          serial_shops, kennysheep_mini, minivault_5, hangedman_decor_push
D:5:      layout_gridville
D:6:      layout_cave_pods, regret_index_xom_buried_treasure, uniq_sigmund
D:7:      minmay_flawed_box, layout_cave_pods, uniq_menkaure
Temple:   nicolae_temple_bog_church

Skill      XL: |  1  2  3  4  5  6  7  8 |
---------------+-------------------------+-----
Spellcasting   | 2 |  2.0
Alchemy        | 4 5 6 7 8 |  8.0
Short Blades   | 1 2 3 4 |  4.0
Fighting       | 1 2 3 5 |  5.3
Conjurations   | 2 |  2.9
Air Magic      | 2 |  2.6
Dodging        | |  1.7
Stealth        | |  1.5

Action                     |  1- 3 |  4- 6 |  7- 9 || total
---------------------------+-------+-------+-------++-------
  Melee: Whip              |    32 |       |       ||    32
         Unarmed           |     5 |       |       ||     5
         Dagger            |    33 |   272 |   205 ||   510
         Hand axe          |    31 |       |       ||    31
   Cast: Sting             |     3 |       |       ||     3
         Mephitic Cloud    |       |     3 |     1 ||     4
         Olgreb's Toxic Ra |       |     6 |    14 ||    20
    Use: Potion            |       |       |     8 ||     8
         Scroll            |       |       |     7 ||     7
   Stab: Sleeping          |     1 |     2 |       ||     3
         Distracted        |     1 |       |       ||     1
         Confused          |       |     1 |       ||     1
 Armour: Robe              |     5 |       |       ||     5
         Leather armour    |    38 |    82 |    86 ||   206
  Dodge: Dodged            |    37 |    68 |    73 ||   178

Table legend: (Time is in decaauts)
 A = Elapsed time spent in this place.
 B = Non-inter-level travel time spent in this place.
 C = Inter-level travel time spent in this place.
 D = Time resting spent in this place.
 E = Time spent auto-exploring this place.
 F = Levels seen in this place.
 G = Mean time per level.
                   A        B        C        D        E       F      G
               +--------+--------+--------+--------+--------+-----+--------+
         Total |   7118 |   6841 |    277 |      0 |   5746 |   8 |  889.8 |
       Dungeon |   7116 |   6839 |    277 |      0 |   5746 |   7 | 1016.6 |
        Temple |      1 |      1 |      0 |      0 |      0 |   1 |    1.0 |
               +--------+--------+--------+--------+--------+-----+--------+

Top non-repeatable levels by time:
     D:4: 1532 daAuts
     D:6: 1215 daAuts
     D:3: 1109 daAuts
     D:5: 1010 daAuts
     D:2: 876 daAuts
     D:7: 843 daAuts
     D:1: 528 daAuts
  Temple: 1 daAuts
